 Dungeon Crawl Stone Soup version 0.23.1-37-gaa34b87b72 (webtiles) character file.

Game seed: 7430708352976451266

25832 mora the Destroyer (level 13, -6/98 HPs)
             Began as a Gnoll Conjurer on Mar 25, 2019.
             Was a High Priest of Sif Muna.
             Mangled by a tyrant leech (25 damage)
             ... on level 3 of the Lair of Beasts on Mar 26, 2019.
             The game lasted 00:48:05 (17423 turns).

mora the Destroyer (Gnoll Conjurer)                Turns: 17423, Time: 00:48:05

Health: -6/98      AC: 11    Str: 10    XL:     13   Next: 22%
Magic:  4/26       EV: 16    Int: 24    God:    Sif Muna [*****.]
Gold:   796        SH:  6    Dex: 15    Spells: 9/30 levels left

rFire    . . .     SeeInvis .   a - +6 trident (elec)
rCold    . . .     Gourm    .   T - +0 buckler
rNeg     . . .     Faith    .   s - +0 ring mail
rPois    .         Spirit   .   q - +1 helmet
rElec    .         Reflect  .   C - +0 cloak
rCorr    .         Harm     .   b - +0 pair of gloves
MR       .....                  (no boots)
Stlth    +++.......             l - amulet of magic regeneration
HPRegen  0.26/turn              h - +1 ring of evasion
MPRegen  0.45/turn              y - ring of wizardry

@: about to teleport
A: distributed training, fangs 1, strong nose
a: Divine Energy, Channel Magic, Forget Spell, Renounce Religion


You were on level 3 of the Lair of Beasts.
You worshipped Sif Muna.
Sif Muna was extremely pleased with you.
You were not hungry.

You visited 3 branches of the dungeon, and saw 16 of its levels.

You collected 796 gold pieces.

Inventory:

Hand Weapons
 a - a +6 trident of electrocution (weapon)
 N - the +1 hand axe "Eckuink" {antimagic, Fragile rElec rF+++ rC-}
   (You found it on level 10 of the Dungeon)

   It reduces the magical energy of the wielder, and disrupts the spells and
   magical abilities of those hit.
   Natural abilities and divine invocations are not affected.
   It renders you almost immune to fire.
   It makes you vulnerable to cold.
   It insulates you from electricity.
   It will be destroyed if unequipped.
Armour
 b - a +0 pair of gloves (worn)
 i - the cursed +0 ring mail of Ixios {SInv, unknown}
   (You found it on level 2 of the Lair of Beasts)

   It lets you see invisible.
   It has a curse placed upon it.
 q - a +1 helmet (worn)
 s - a +0 ring mail (worn)
 w - a +0 leather armour
 A - a +1 shield of protection
 C - a +0 cloak (worn)
 L - a +0 robe
 T - a +0 buckler (worn)
 V - a +3 plate armour
 X - a +2 robe of cold resistance
Jewellery
 h - a +1 ring of evasion (left hand)
 l - an amulet of magic regeneration (around neck)
 r - an uncursed ring of see invisible
 y - a ring of wizardry (right hand)
 W - an uncursed ring of stealth
Wands
 E - a wand of enslavement (5)
 F - a wand of flame (34)
 G - a wand of digging (11)
 I - a wand of iceblast (7)
 R - a wand of random effects (8)
 S - a wand of scattershot (4)
Scrolls
 f - 6 scrolls of fear
 m - a scroll of magic mapping
 t - 3 scrolls of teleportation
 u - 6 scrolls of remove curse
 x - 4 scrolls of enchant armour
 H - a scroll of blinking
 O - a scroll of holy word
 Q - a scroll of fog
Potions
 c - 2 potions of curing
 d - 4 potions of mutation
 j - a potion of magic
 k - 2 potions of agility {unknown}
 o - 3 potions of heal wounds {unknown}
 p - a potion of berserk rage {unknown}
 z - 8 potions of lignification {unknown}
 D - 2 potions of brilliance {unknown}
 J - 3 potions of flight {unknown}
 K - 4 potions of haste
 U - a potion of ambrosia {unknown}
 Y - 2 potions of might
Miscellaneous
 g - a box of beasts
 M - a lightning rod (inert)
Comestibles
 e - 20 rations


   Skills:
 + Level 7.9 Fighting
 + Level 7.9 Short Blades
 + Level 7.9 Long Blades
 + Level 7.9 Axes
 + Level 7.9 Maces & Flails
 + Level 7.9 Polearms
 + Level 7.9 Staves
 + Level 7.9 Slings
 + Level 7.9 Bows
 + Level 7.9 Crossbows
 + Level 7.9 Throwing
 + Level 7.9 Armour
 + Level 9.2 Dodging
 + Level 9.1 Stealth
 + Level 7.9 Shields
 + Level 7.9 Unarmed Combat
 + Level 9.4 Spellcasting
 + Level 9.7 Conjurations
 + Level 6.6 Hexes
 + Level 6.6 Charms
 + Level 6.6 Summonings
 + Level 6.6 Necromancy
 + Level 6.6 Translocations
 + Level 6.6 Transmutations
 + Level 6.6 Fire Magic
 + Level 6.6 Ice Magic
 + Level 6.6 Air Magic
 + Level 6.6 Earth Magic
 + Level 6.6 Poison Magic
 + Level 8.7 Invocations
 + Level 7.9 Evocations


You had 9 spell levels left.
You knew the following spells:

 Your Spells              Type           Power        Failure   Level  Hunger
a - Magic Dart            Conj           ####         1%          1    None
b - Searing Ray           Conj           ######       1%          2    None
c - Sticky Flame          Conj/Fire      ######..     1%          4    ##.....
d - Iskenderun's Mystic   Conj           ######..     1%          4    ##.....
e - Confuse               Hex            #####...     1%          3    None
f - Throw Flame           Conj/Fire      ######       1%          2    None
g - Fireball              Conj/Fire      ######....   4%          5    ####...

Your spell library contained the following spells:

 Spells                   Type           Power        Failure   Level  Hunger
 Corona                   Hex            #####..      1%          1    None
 Flame Tongue             Conj/Fire      #####        1%          1    None
 Ensorcelled Hibernation  Hex/Ice        #####.       1%          2    None
 Call Canine Familiar     Summ           #####...     1%          3    None
 Conjure Flame            Conj/Fire      ######..     1%          3    None
 Dazzling Spray           Conj/Hex       ######       1%          3    None
 Inner Flame              Hex/Fire       #####...     1%          3    None
 Recall                   Summ/Tloc      N/A          1%          3    None
 Tukima's Dance           Hex            #####...     1%          3    None
 Force Lance              Conj/Tloc      ######..     1%          4    ##.....
 Fulminant Prism          Conj/Hex       ######....   1%          4    ##.....
 Summon Forest            Summ/Tloc      #####.....   9%          5    ####...
 Yara's Violent Unravell  Hex/Tmut       #####.....   9%          5    ####...
 Spellforged Servitor     Conj/Summ      ######....   78%         7    #######
 Summon Horrible Things   Summ           #####.....   100%        8    #######


Dungeon Overview and Level Annotations

Branches:
Dungeon (12/15)            Temple (0/1) D:4            Lair (3/6) D:8
    Orc (1/2) D:11
  Swamp: Lair:2-4    Shoals: Lair:2-4     Snake: Lair:2-4    Spider: Lair:2-4

Altars:
Ashenzari
Elyvilon
Fedhas
Kikubaaqudgha
Makhleb
Okawaru
Sif Muna
Uskayaw
Wu Jian
Yredelemnul
Beogh

Annotations:
D:6 3 runed translucent doors, dracomuter's ghost, novice TrCK
D:7 1 runed translucent door
D:11 exclusion: door


Innate Abilities, Weirdness & Mutations

Your experience applies equally to all skills.
You have very sharp teeth.
Your uncanny sense of smell can sniff out nearby items.


Message History

* * * LOW HITPOINT WARNING * * *
The tyrant leech draws strength from your injuries!
The swamp worm closely misses you.
Okay, then.
Unknown command.
As you read the scroll of teleportation, it crumbles to dust.
You feel strangely unstable.
The tyrant leech burns!
The swamp worm burns!
The swamp worm barely misses you. You block the tyrant leech's attack.
You hit the tyrant leech but do no damage.
The tyrant leech is moderately wounded.
The swamp worm bites you but does no damage.
You closely miss the tyrant leech.
The tyrant leech is moderately wounded.
The tyrant leech burns!
The swamp worm burns!
The tyrant leech completely misses you. The swamp worm barely misses you.
You barely miss the tyrant leech.
The tyrant leech is moderately wounded.
The tyrant leech burns!
The swamp worm burns!
The swamp worm misses you. The tyrant leech bites you!!
You die...

≈≈≈≈≈.......<.........†.....
........w...................
.....................#...P..
......w........####P#....##P
......†.....#.## ##.....##
..#.%...#### #......# ...
.##P....## #......## ....
##....ww# ###......#
.....##.....#@# #.........
.......#P...#### #.........
.............# #....P...#
#.....>.....### ##...P...#
#............# ###........
#.........[.## #.#.......#
#............# ##.........
#.........#.# #.........
##........#### #.........


You could see 2 tyrant leeches and 2 swamp worms.

Vanquished Creatures
  Jorgrun (D:12)
  Nessos (D:12)
  2 hydras
  Erica (D:10)
  A two-headed ogre (D:11)
  2 unseen horrors
  Pikel (D:4)
  An oklob plant (Lair:2)
  An elephant (D:8)
  Maurice (D:8)
  Joseph (D:8)
  6 spiny frogs
  Psyche (D:8)
  A rime drake (Lair:1)
  A centaur skeleton (D:12)
  2 ice devils (D:11)
  A kobold demonologist (D:12)
  A komodo dragon (Lair:3)
  A tengu conjurer (D:9)
  5 trolls
  A merfolk (D:9)
  Grinder (D:6)
  3 hornets
  A tyrant leech (Lair:3)
  3 blink frogs (Lair:1)
  4 hippogriffs
  Sigmund (D:6)
  A wyvern (D:11)
  3 basilisks
  Eustachio (D:4)
  4 yaks
  3 vampire mosquitoes (D:12)
  A swamp worm (Lair:3)
  5 water moccasins
  6 porcupines
  10 orc warriors
  A phantom (D:6)
  A slave (D:4)
  7 ice beasts
  A black bear (D:10)
  3 sky beasts
  An eye of draining (D:12)
  A necrophage (D:10)
  5 ogres
  4 centaurs
  A big kobold (D:7)
  8 crocodiles
  9 bullfrogs
  2 gnoll sergeants (D:6)
  Blork the orc (D:4)
  2 scorpions
  2 vampire bats (Lair:2)
  8 wights
  2 howler monkeys
  4 crimson imps
  2 bullfrog skeletons (D:5)
  4 orc priests
  11 hounds
  A jelly (D:5)
  Jessica (D:3)
  5 iguanas
  6 orc wizards
  A killer bee zombie (D:10)
  9 worker ants
  A hound zombie (D:7)
  2 hound skeletons
  3 worker ant zombies
  9 adders
  11 gnolls
  2 oozes
  An adder zombie (D:6)
  3 worms
  2 dart slugs (D:1)
  7 leopard geckos
  50 orcs
  12 bats
  6 giant cockroaches
  11 goblins
  6 hobgoblins
  4 jackals
  12 kobolds
  4 quokkas
  2 ball pythons
  9 frilled lizards
  A goblin skeleton (D:7)
  A leopard gecko zombie (D:6)
  5 rats
347 creatures vanquished.

Vanquished Creatures (collateral kills)
  A hippogriff (Lair:2)
  4 blink frogs (Lair:2)
  A wyvern (Lair:2)
  A bullfrog (Lair:2)
7 creatures vanquished.

Vanquished Creatures (others)
  A fungus (Lair:1)
  3 plants (Lair:3)
4 creatures vanquished.

Grand Total: 358 creatures vanquished

Notes
Turn   | Place    | Note
-------+----------+-------------------------------------------
     0 | D:1      | mora the Gnoll Conjurer began the quest for the Orb.
     0 | D:1      | Reached XP level 1. HP: 13/13 MP: 6/6
   139 | D:1      | Reached XP level 2. HP: 19/19 MP: 3/7
   479 | D:1      | Reached XP level 3. HP: 25/25 MP: 3/9
   513 | D:1      | Reached skill level 5 in Spellcasting
   945 | D:2      | Reached skill level 1 in Invocations
   986 | D:2      | Learned a level 2 spell: Searing Ray
  1092 | D:2      | Reached skill level 1 in Fighting
  1092 | D:2      | Reached skill level 1 in Short Blades
  1092 | D:2      | Reached skill level 1 in Long Blades
  1092 | D:2      | Reached skill level 1 in Axes
  1092 | D:2      | Reached skill level 1 in Maces & Flails
  1092 | D:2      | Reached skill level 1 in Polearms
  1092 | D:2      | Reached skill level 1 in Staves
  1092 | D:2      | Reached skill level 1 in Slings
  1092 | D:2      | Reached skill level 1 in Bows
  1092 | D:2      | Reached skill level 1 in Crossbows
  1092 | D:2      | Reached skill level 1 in Throwing
  1092 | D:2      | Reached skill level 1 in Armour
  1092 | D:2      | Reached skill level 1 in Shields
  1092 | D:2      | Reached skill level 1 in Unarmed Combat
  1092 | D:2      | Reached skill level 1 in Evocations
  1113 | D:2      | Reached XP level 4. HP: 30/32 MP: 7/11
  1346 | D:2      | Found a deep blue altar of Sif Muna.
  1598 | D:2      | Became a worshipper of Sif Muna the Loreminder
  1688 | D:3      | Reached skill level 1 in Hexes
  1688 | D:3      | Reached skill level 1 in Charms
  1688 | D:3      | Reached skill level 1 in Summonings
  1688 | D:3      | Reached skill level 1 in Necromancy
  1688 | D:3      | Reached skill level 1 in Translocations
  1688 | D:3      | Reached skill level 1 in Transmutations
  1688 | D:3      | Reached skill level 1 in Fire Magic
  1688 | D:3      | Reached skill level 1 in Ice Magic
  1688 | D:3      | Reached skill level 1 in Air Magic
  1688 | D:3      | Reached skill level 1 in Earth Magic
  1688 | D:3      | Reached skill level 1 in Poison Magic
  1769 | D:3      | Noticed Jessica
  1772 | D:3      | Killed Jessica
  1772 | D:3      | Reached XP level 5. HP: 37/37 MP: 8/12
  1870 | D:3      | Learned a level 4 spell: Iskenderun's Mystic Blast
  2293 | D:4      | Noticed Blork the orc
  2303 | D:4      | Killed Blork the orc
  2303 | D:4      | Reached XP level 6. HP: 30/44 MP: 13/13
  2334 | D:4      | Found a white marble altar of Elyvilon.
  2336 | D:4      | Noticed Eustachio
  2355 | D:4      | Killed Eustachio
  2355 | D:4      | Reached skill level 5 in Dodging
  2639 | D:4      | Found a burning altar of Makhleb.
  2643 | D:4      | Reached XP level 7. HP: 50/50 MP: 11/15
  2782 | D:4      | Noticed Pikel
  2795 | D:4      | Killed Pikel
  2795 | D:4      | Reached * piety under Sif Muna
  2795 | D:4      | Reached skill level 5 in Stealth
  2795 | D:4      | Reached XP level 8. HP: 41/57 MP: 1/16
  2873 | D:4      | Found a staircase to the Ecumenical Temple.
  2901 | D:4      | Found an iron altar of Okawaru.
  3212 | D:4      | Noticed a +0 dagger
  3212 | D:4      | Noticed a +0 hand axe
  3213 | D:4      | Found a hide-covered altar of Uskayaw.
  3401 | D:5      | Entered Level 5 of the Dungeon
  3448 | D:5      | Found a shattered altar of Ashenzari.
  4279 | D:6      | Noticed Grinder
  4283 | D:6      | Noticed Sigmund
  4294 | D:6      | Killed Sigmund
  4294 | D:6      | Reached XP level 9. HP: 52/65 MP: 15/18
  4369 | D:6      | Found a blossoming altar of Fedhas.
  4387 | D:6      | Paralysed by Grinder for 6 turns
  4400 | D:6      | Killed Grinder
  4400 | D:6      | Reached ** piety under Sif Muna
  4511 | D:6      | Found a runed translucent gate.
  4512 | D:6      | Found a runed translucent gate.
  4513 | D:6      | Found a runed translucent gate.
  5793 | D:6      | Noticed dracomuter's ghost (novice TrCK)
  6037 | D:7      | Found a basalt altar of Yredelemnul.
  6286 | D:7      | Found a runed translucent door.
  6292 | D:7      | Found a basalt altar of Yredelemnul.
  6614 | D:8      | Noticed Joseph
  6621 | D:8      | Noticed Maurice
  6622 | D:8      | Killed Joseph
  6622 | D:8      | Reached skill level 5 in Invocations
  6626 | D:8      | Killed Maurice
  6626 | D:8      | Reached XP level 10. HP: 44/73 MP: 2/20
  6963 | D:8      | Found an ancient bone altar of Kikubaaqudgha.
  7012 | D:8      | Noticed Psyche
  7026 | D:8      | Killed Psyche
  7026 | D:8      | Reached skill level 5 in Fighting
  7026 | D:8      | Reached skill level 5 in Short Blades
  7026 | D:8      | Reached skill level 5 in Long Blades
  7026 | D:8      | Reached skill level 5 in Axes
  7026 | D:8      | Reached skill level 5 in Maces & Flails
  7026 | D:8      | Reached skill level 5 in Polearms
  7026 | D:8      | Reached skill level 5 in Staves
  7026 | D:8      | Reached skill level 5 in Slings
  7026 | D:8      | Reached skill level 5 in Bows
  7026 | D:8      | Reached skill level 5 in Crossbows
  7026 | D:8      | Reached skill level 5 in Throwing
  7026 | D:8      | Reached skill level 5 in Armour
  7026 | D:8      | Reached skill level 5 in Shields
  7026 | D:8      | Reached skill level 5 in Unarmed Combat
  7026 | D:8      | Reached skill level 5 in Evocations
  7308 | D:8      | Found an ornate altar of the Wu Jian Council.
  7395 | D:8      | Noticed an elephant
  7402 | D:8      | Killed an elephant
  7445 | D:8      | Found a staircase to the Lair.
  7546 | Lair:1   | Entered Level 1 of the Lair of Beasts
  8221 | Lair:1   | Learned a level 3 spell: Confuse
  8291 | Lair:1   | Reached *** piety under Sif Muna
  8442 | Lair:1   | Noticed a spiny frog
  8450 | Lair:1   | Killed a spiny frog
  8487 | Lair:1   | Reached XP level 11. HP: 81/81 MP: 17/22
  8940 | Lair:1   | Noticed a seven-headed hydra
  8949 | Lair:1   | Killed a seven-headed hydra
  9228 | Lair:1   | Learned a level 4 spell: Sticky Flame
  9241 | Lair:1   | Learned a level 2 spell: Throw Flame
  9257 | Lair:1   | Reached skill level 5 in Hexes
  9257 | Lair:1   | Reached skill level 5 in Charms
  9257 | Lair:1   | Reached skill level 5 in Summonings
  9257 | Lair:1   | Reached skill level 5 in Necromancy
  9257 | Lair:1   | Reached skill level 5 in Translocations
  9257 | Lair:1   | Reached skill level 5 in Transmutations
  9257 | Lair:1   | Reached skill level 5 in Fire Magic
  9257 | Lair:1   | Reached skill level 5 in Ice Magic
  9257 | Lair:1   | Reached skill level 5 in Air Magic
  9257 | Lair:1   | Reached skill level 5 in Earth Magic
  9257 | Lair:1   | Reached skill level 5 in Poison Magic
 11406 | D:8      | Learned a level 5 spell: Fireball
 11445 | D:10     | Entered Level 10 of the Dungeon
 11663 | D:10     | Reached **** piety under Sif Muna
 11699 | D:10     | Noticed Erica
 11706 | D:10     | Killed Erica
 12092 | D:10     | Got a dazzling hand axe
 12095 | D:10     | Noticed an unseen horror
 12100 | D:10     | Killed an unseen horror
 12100 | D:10     | Reached XP level 12. HP: 89/89 MP: 19/24
 12177 | D:10     | Noticed a four-headed hydra
 12184 | D:10     | Killed a four-headed hydra
 12802 | D:11     | Paralysed by a hornet for 1 turns
 13067 | D:11     | Found a roughly hewn altar of Beogh.
 13534 | D:11     | Noticed a two-headed ogre
 13538 | D:11     | Killed a two-headed ogre
 13650 | D:11     | Identified the +1 hand axe "Eckuink" {antimagic, Fragile
                  | rElec rF+++ rC-} (You found it on level 10 of the Dungeon)
 13801 | D:11     | Found a staircase to the Orcish Mines.
 14241 | D:12     | Noticed Jorgrun
 14251 | D:12     | Killed Jorgrun
 14542 | D:12     | Reached ***** piety under Sif Muna
 14637 | D:12     | Identified Sif Muna's Papyrus of Bewitching Creation (Sif
                  | Muna gifted it to you on level 12 of the Dungeon)
 14637 | D:12     | Received a gift from Sif Muna
 14860 | D:12     | Noticed Nessos
 14863 | D:12     | Noticed a two-headed ogre
 14866 | D:12     | Noticed a two-headed ogre
 14866 | D:12     | Noticed a centaur warrior
 14868 | D:12     | Killed Nessos
 14868 | D:12     | Reached XP level 13. HP: 68/98 MP: 19/26
 15089 | Orc:1    | Entered Level 1 of the Orcish Mines
 16782 | Lair:2   | Got a smelly ring mail
 17423 | Lair:3   | Mangled by a tyrant leech

Skill      XL: |  1  2  3  4  5  6  7  8  9 10 11 12 13 |
---------------+----------------------------------------+-----
Spellcasting   | 5 6 7 8 9 |  9.4
Invocations    | 1 2 3 4 5 6 7 8 |  8.7
Fighting       | 1 2 3 4 5 6 7 |  7.9
Short Blades   | 1 2 3 4 5 6 7 |  7.9
Long Blades    | 1 2 3 4 5 6 7 |  7.9
Axes           | 1 2 3 4 5 6 7 |  7.9
Maces & Flails | 1 2 3 4 5 6 7 |  7.9
Polearms       | 1 2 3 4 5 6 7 |  7.9
Staves         | 1 2 3 4 5 6 7 |  7.9
Slings         | 1 2 3 4 5 6 7 |  7.9
Bows           | 1 2 3 4 5 6 7 |  7.9
Crossbows      | 1 2 3 4 5 6 7 |  7.9
Throwing       | 1 2 3 4 5 6 7 |  7.9
Armour         | 1 2 3 4 5 6 7 |  7.9
Shields        | 1 2 3 4 5 6 7 |  7.9
Unarmed Combat | 1 2 3 4 5 6 7 |  7.9
Evocations     | 1 2 3 4 5 6 7 |  7.9
Hexes          | 1 2 3 4 5 6 |  6.6
Charms         | 1 2 3 4 5 6 |  6.6
Summonings     | 1 2 3 4 5 6 |  6.6
Necromancy     | 1 2 3 4 5 6 |  6.6
Translocations | 1 2 3 4 5 6 |  6.6
Transmutations | 1 2 3 4 5 6 |  6.6
Fire Magic     | 1 2 3 4 5 6 |  6.6
Ice Magic      | 1 2 3 4 5 6 |  6.6
Air Magic      | 1 2 3 4 5 6 |  6.6
Earth Magic    | 1 2 3 4 5 6 |  6.6
Poison Magic   | 1 2 3 4 5 6 |  6.6
Dodging        | 5 6 7 8 9 |  9.2
Stealth        | 5 6 7 8 9 |  9.1
Conjurations   | 8 9 |  9.7

Action                   |  1- 3 |  4- 6 |  7- 9 | 10-12 | 13-15 || total
-------------------------+-------+-------+-------+-------+-------++-------
Melee: War axe           |       |     8 |   102 |    58 |       ||   168
       Bite              |       |     1 |    10 |    22 |     4 ||    37
       Spear             |       |       |       |    35 |       ||    35
       Dagger            |       |       |       |    21 |       ||    21
       Trident           |       |       |       |    85 |    93 ||   178
Throw: Throwing net      |       |       |       |     2 |       ||     2
 Cast: Magic Dart        |    81 |    89 |   224 |   301 |    37 ||   732
       Searing Ray       |       |       |    10 |       |       ||    10
       Iskenderun's Myst |       |       |     7 |   163 |    29 ||   199
       Confuse           |       |       |       |    12 |       ||    12
       Throw Flame       |       |       |       |    13 |       ||    13
       Sticky Flame      |       |       |       |     2 |     2 ||     4
Invok: Channel Magic     |       |       |       |     1 |       ||     1
Evoke: Wand              |       |       |     7 |    11 |     2 ||    20
       Lightning rod     |       |       |       |     4 |     2 ||     6
  Use: Scroll            |     2 |     8 |     5 |    11 |     6 ||    32
       Potion            |       |       |     1 |     1 |       ||     2
 Stab: Confused          |       |       |       |     6 |       ||     6
       Sleeping          |       |       |       |     2 |     1 ||     3
       Paralysed         |       |       |       |     1 |       ||     1
       Held in net/web   |       |       |       |     1 |       ||     1
  Eat: Chunk             |       |     5 |    13 |    23 |     8 ||    49
       Ration            |       |       |       |     4 |       ||     4
Armor: Leather armour    |     2 |       |       |       |       ||     2
       Ring mail         |       |     7 |    53 |    64 |    14 ||   138
       Plate armour      |       |       |       |       |     6 ||     6
Dodge: Dodged            |     9 |    10 |    74 |   133 |    68 ||   294
Block: Shield            |       |     8 |   116 |    79 |       ||   203
       Buckler           |       |       |       |    19 |    34 ||    53
